 Dungeon Crawl Stone Soup version 0.26-a0-778-g3fe0686644 (webtiles) character file.

Game seed: 17904158193530809857

4494 lunkers the Martial Artist (level 10, -2/70 HPs)
             Began as a Red Draconian Transmuter on Nov 9, 2020.
             Was a Priest of Ru.
             Killed by the air
             ... invoked by Gastronok
              (18 damage)
             ... on level 9 of the Dungeon.
             The game lasted 00:17:09 (10062 turns).

lunkers the Martial Artist (DrTm)                  Turns: 10062, Time: 00:17:10

Health: -2/70      AC:  2    Str: 13    XL:     10   Next: 16%
Magic:  12/13      EV: 21    Int: 14    God:    Ru [***...]
Gold:   29         SH:  0    Dex: 15    Spells: 2/13 levels left

rFire    . . .     SeeInvis .     - Unarmed
rCold    . . .     Faith    +   (shield currently unavailable)
rNeg     . . .     Spirit   .   (armour unavailable)
rPois    .         Reflect  .   (helmet currently unavailable)
rElec    .         Harm     .   (cloak currently unavailable)
rCorr    .         Rampage  .   (gloves currently unavailable)
MR       .....                  (boots currently unavailable)
Stlth    +.........             p - amulet of faith
HPRegen  0.21/turn              u - ring of poison resistance
MPRegen  0.13/turn              z - -4 ring of dexterity (curse)

@: spider-form (expiring), no scrolls
A: tiny, (breathe fire), unfitting armour, frail 1, screaming 1, inability to
read while threatened, AC +7
a: End Transformation, Draw Out Power, Renounce Religion


You were on level 9 of the Dungeon.
You worshipped Ru.
Ru was most pleased with you.
You were a venomous arachnid creature.
You visited 1 branch of the dungeon, and saw 9 of its levels.
You also visited: Sewer.

You collected 29 gold pieces.

Inventory:

Armour
 d - a +2 pair of gloves (melded)
 h - a +0 pair of boots (melded)
 i - a +2 cloak of preservation (melded)
Jewellery
 l - an uncursed ring of stealth
 p - an amulet of faith (around neck)
 t - an uncursed ring of poison resistance
 u - a ring of poison resistance (left front leg)
 z - a cursed -4 ring of dexterity (right front leg)
Wands
 o - a wand of digging (6)
Scrolls
 a - a scroll of vulnerability {unknown}
 b - a scroll of brand weapon {unknown}
 e - a scroll of holy word
 f - 2 scrolls of enchant weapon
 g - 4 scrolls of teleportation
 n - 2 scrolls of blinking
 x - 2 scrolls of amnesia
 y - a scroll of immolation {unknown}
 A - a scroll of random uselessness {unknown}
 B - a scroll of torment {unknown}
Potions
 c - a potion of magic
 j - 4 potions of heal wounds
 k - 2 potions of invisibility
 m - 3 potions of mutation {unknown}
 q - a potion of ambrosia {unknown}
 r - 2 potions of might
 s - 3 potions of flight
 v - a potion of attraction {unknown}
 w - 3 potions of haste


   Skills:
 + Level 4.0 Fighting
 + Level 3.6 Dodging
 * Level 11.6 Unarmed Combat
 - Level 2.0 Spellcasting
 + Level 8.3 Transmutations


You had 2 spell levels left.
You knew the following spells:

 Your Spells              Type           Power        Failure   Level
b - Wereblood             Tmut           ###.....     5%          2
c - Spider Form           Tmut/Pois      ##........   30%         3
d - Blade Hands           Tmut           ###.......   43%         5
p - Beastly Appendage     Tmut           ###...       4%          1

Your spell library contained the following spells:

 Spells                   Type           Power        Failure   Level
 Animate Skeleton         Necr           #.....       45%         1
 Apportation              Tloc           #.....       45%         1
 Corona                   Hex            #......      45%         1
 Summon Small Mammal      Summ           #...         45%         1
 Ensorcelled Hibernation  Hex/Ice        #.....       56%         2
 Ignite Poison            Fire/Tmut/Pois #.......     43%         3
 Ice Form                 Ice/Tmut       ##......     61%         4
 Ozocubu's Armour         Ice            #.......     77%         3
 Ignition                 Fire           #.........   100%        8


Dungeon Overview and Level Annotations

Branches:
Dungeon (9/15)             Temple (0/1) D:7            Lair (0/6) D:8
  Sewer (visited)
    Orc: D:9-12

Altars:
Dithmenos
Elyvilon
Fedhas
Hepliaklqana
Kikubaaqudgha
Makhleb
Qazlal
Ru
Sif Muna
Vehumet
Wu Jian
Xom
Yredelemnul

Annotations:
D:9 Gastronok


Innate Abilities, Weirdness & Mutations

((You can breathe blasts of fire.))
((Your fiery red scales are hard. (AC +7)))
You cannot fit into any form of body armour.
((Your flesh is heat resistant. (rF+)))
You are frail. (-10% HP)
You occasionally shout uncontrollably at your foes.
((You are cold-blooded and may be slowed by cold attacks.))
You cannot read scrolls while threatened.


Message History

You hit Gastronok.
Gastronok is severely wounded.
The troll barely misses you. The troll closely misses you.
The troll barely misses you.
You bite Gastronok!
Gastronok is severely wounded.
Gastronok bites you!!!
Ouch! That really hurt!
* * * LOW HITPOINT WARNING * * *
You focus your will and blind Gastronok in retribution!
The bat misses you.
Gastronok begins to cast a spell, but is stunned by your will!
There is an open door here.
The bat completely misses you.
There is a stone staircase leading down here.
The bat is stunned by your will and fails to attack.
Gastronok is no longer blind.
The bat misses you. The bat closely misses you.
Gastronok waves his eye-stalks in wide circles.
The air twists around and strikes you!!
You die...

#. .## #.#..## .#
#.#...##.##
#.........
#........# #......#
#.....##.#
#........#
##########.#s######
#..........#b#
#.##########T# #.#
##'# #.# ##..# #.##
#..w# #..## #....#
#####...####......
...........+.....#.


You could see Gastronok (swift, extremely poisoned), a troll and a bat
(summoned).

Vanquished Creatures
  Pikel (D:9)
  Maurice (D:9)
  Grinder (D:3)
  A yak (D:8)
  Eustachio (D:6)
  Menkaure (D:3)
  Edmund (D:4)
  An orc warrior (D:8)
  A sky beast (D:9)
  A necrophage (D:5)
  3 phantoms
  5 ogres
  A black bear (D:8)
  2 centaurs
  2 lemures (D:9)
  7 bullfrogs
  2 scorpions (D:8)
  3 killer bees (D:9)
  A howler monkey (D:6)
  3 jellies
  2 bullfrog zombies
  Crazy Yiuf (D:6)
  A centaur skeleton (D:5)
  4 hounds
  3 orc wizards (D:8)
  A bullfrog skeleton (D:6)
  Jessica (D:3)
  3 iguanas
  10 worker ants
  A hound skeleton (D:5)
  9 adders
  A shadow imp (D:7)
  2 white imps
  10 oozes (Sewer)
  A worm (D:2)
  2 dart slugs
  14 leopard geckos
  19 orcs
  9 ball pythons
  20 giant cockroaches
  11 goblins
  13 hobgoblins
  6 jackals
  2 quokkas
  12 bats
  12 frilled lizards
  12 kobolds
  A leopard gecko skeleton (D:4)
  12 rats
234 creatures vanquished.

Vanquished Creatures (others)
  A scorpion (D:6)
  17 fungi (D:8)
  14 plants (D:8)
32 creatures vanquished.

Grand Total: 266 creatures vanquished

Notes
Turn   | Place    | Note
-------+----------+-------------------------------------------
     0 | D:1      | lunkers the Draconian Transmuter began the quest for the
                  | Orb.
     0 | D:1      | Reached XP level 1. HP: 16/16 MP: 3/3
   320 | D:1      | Reached XP level 2. HP: 23/23 MP: 3/5
   667 | D:1      | Reached XP level 3. HP: 28/28 MP: 4/6
   671 | D:1      | Learned a level 2 spell: Wereblood
   675 | D:1      | Learned a level 3 spell: Spider Form
   886 | D:1      | Reached skill level 4 in Unarmed Combat
  1457 | D:2      | Reached XP level 4. HP: 33/35 MP: 7/7
  2001 | D:3      | Found a shimmering altar of Xom.
  2078 | D:3      | Found a hazy altar of Hepliaklqana.
  2109 | D:3      | Noticed Grinder
  2115 | D:3      | Killed Grinder
  2115 | D:3      | Reached skill level 5 in Unarmed Combat
  2115 | D:3      | Reached XP level 5. HP: 40/40 MP: 4/8
  2115 | D:3      | Reached XP level 6. HP: 47/47 MP: 4/9
  2160 | D:3      | Noticed Jessica
  2169 | D:3      | Killed Jessica
  2306 | D:3      | Reached skill level 6 in Unarmed Combat
  2362 | D:3      | Found a white marble altar of Elyvilon.
  2654 | D:4      | Noticed Menkaure
  2665 | D:3      | Killed Menkaure
  2836 | D:4      | Noticed Edmund
  2853 | D:4      | Killed Edmund
  2853 | D:4      | Your scales start taking on a fiery red colour.
  2853 | D:4      | Reached XP level 7. HP: 37/52 MP: 5/10
  2853 | D:4      | Gained mutation: Your flesh is heat resistant. (rF+) [Red
                  | Draconian growth]
  2960 | D:4      | Found a shadowy altar of Dithmenos.
  2993 | D:4      | Reached skill level 7 in Unarmed Combat
  3256 | D:4      | Reached skill level 5 in Transmutations
  3326 | D:4      | Found a sacrificial altar of Ru.
  3362 | D:4      | Reached skill level 8 in Unarmed Combat
  3578 | D:5      | Entered Level 5 of the Dungeon
  3586 | D:5      | Reached XP level 8. HP: 59/59 MP: 7/11
  3659 | D:4      | Became a worshipper of Ru the Awakened
  4036 | D:5      | Found a burning altar of Makhleb.
  4263 | D:5      | Found a radiant altar of Vehumet.
  4267 | D:5      | Found an ancient bone altar of Kikubaaqudgha.
  4268 | D:5      | Found a shimmering blue altar of Sif Muna.
  4273 | D:5      | Identified Kikubaaqudgha's Volume of Dark Rituals
  4615 | D:5      | Reached skill level 9 in Unarmed Combat
  4742 | D:5      | Found a basalt altar of Yredelemnul.
  5050 | D:6      | Noticed Eustachio
  5065 | D:6      | Killed Eustachio
  5165 | D:6      | Gained mutation: You cannot read scrolls while threatened.
                  | [Ru sacrifice]
  5165 | D:6      | Reached * piety under Ru
  5437 | D:6      | Found a glowing drain.
  5460 | Sewer    | Entered a sewer
  6027 | Sewer    | Reached skill level 10 in Unarmed Combat
  6137 | D:6      | Reached XP level 9. HP: 64/64 MP: 8/12
  6255 | D:6      | Gained mutation: You are frail. (-10% HP) [Ru sacrifice]
  6255 | D:6      | Reached ** piety under Ru
  6255 | D:6      | Reached *** piety under Ru
  7057 | D:6      | Found a runed translucent door.
  7058 | D:6      | Noticed Crazy Yiuf
  7201 | D:6      | Killed Crazy Yiuf
  7359 | D:6      | Learned a level 5 spell: Blade Hands
  7398 | D:7      | Found a staircase to the Ecumenical Temple.
  7443 | D:7      | Found a blossoming altar of Fedhas.
  7445 | D:7      | Found an ornate altar of the Wu Jian Council.
  7643 | D:7      | Found a stormy altar of Qazlal.
  8518 | D:8      | Gained mutation: You occasionally shout uncontrollably at
                  | your foes. [Ru sacrifice]
  8625 | D:8      | Identified the Grimoire of the Frigorific Blaze
  8678 | D:8      | Reached skill level 11 in Unarmed Combat
  8989 | D:8      | Found a staircase to the Lair.
  9407 | D:8      | Noticed a lindwurm
  9421 | D:8      | Noticed a lindwurm
  9421 | D:8      | Noticed a lindwurm
  9557 | D:9      | Noticed Maurice
  9583 | D:9      | Killed Maurice
  9583 | D:9      | Reached XP level 10. HP: 41/69 MP: 13/13
  9776 | D:9      | Found a radiant altar of Vehumet.
  9803 | D:9      | Noticed Pikel
  9810 | D:9      | Killed Pikel
 10042 | D:9      | Noticed Gastronok
 10062 | D:9      | Killed from afar by Gastronok

Illustrated notes

Levels and vault maps discovered:
D:1:      minmay_arrival_doors, layout_basic
D:2:      layout_basic
D:3:      layout_rooms, old_standard_altar, marbit_many_paths, elyvilon_altar_1,
          uniq_grinder, uniq_jessica
D:4:      layout_basic, kennysheep_mini_moat, grunt_dithmenos_shadows,
          uniq_edmund, uniq_menkaure
D:5:      layout_gridville, grunt_temple_overflow_magic_moments,
          makhleb_blood_cavern_becter, basic_altar, abandoned_shop
D:6:      layout_layer_cave, portal_sewer_entry_f, serial_glass,
          glass_columns_a, glass_columns_a, uniq_crazy_yiuf_cottage,
          uniq_eustachio
D:7:      layout_basic, grunt_qazlal_sundering,
          chequers_temple_overflow_statue_of_worship,
          minmay_temple_entry_large_hall
D:8:      layout_basic, grunt_lair_entry_orc_guard_hut, kennysheep_cross_room,
          minmay_lindwurm_lava
D:9:      layout_loops_corners, grunt_gozag_statues, basic_altar,
          trog_hazing_becter, uniq_gastronok, uniq_maurice, uniq_pikel

Skill      XL: |  1  2  3  4  5  6  7  8  9 10 |
---------------+-------------------------------+-----
Unarmed Combat | 4 5 6 8 10 11 | 11.6
Transmutations | 3 4 5 7 8 |  8.3
Dodging        | 3 |  3.6
Fighting       | 3 4 |  4.0
Spellcasting   | |  2.0

Action                   |  1- 3 |  4- 6 |  7- 9 | 10-12 || total
-------------------------+-------+-------+-------+-------++-------
Melee: Unarmed           |   142 |   114 |   500 |    33 ||   789
       Kick              |    22 |    16 |       |       ||    38
       Headbutt          |    13 |     9 |       |       ||    22
       Tailslap          |     5 |    13 |    13 |       ||    31
       Punch             |       |       |     3 |       ||     3
 Cast: Beastly Appendage |    28 |    14 |       |       ||    42
       Spider Form       |       |     3 |    57 |     3 ||    63
Invok: Sacrifice Words   |       |       |     1 |       ||     1
       Sacrifice Purity  |       |       |     1 |       ||     1
       Sacrifice Health  |       |       |     1 |       ||     1
  Use: Scroll            |       |       |    13 |       ||    13
 Stab: Sleeping          |       |       |     9 |       ||     9
       Distracted        |       |       |     1 |       ||     1
       Invisible         |       |       |     1 |       ||     1
Armor: Skin              |    61 |    34 |    75 |     4 ||   174
Dodge: Dodged            |   105 |    80 |   351 |    32 ||   568

Table legend: (Time is in decaauts)
 A = Elapsed time spent in this place.
 B = Non-inter-level travel time spent in this place.
 C = Inter-level travel time spent in this place.
 D = Time resting spent in this place.
 E = Time spent auto-exploring this place.
 F = Levels seen in this place.
 G = Mean time per level.
                   A        B        C        D        E       F      G
               +--------+--------+--------+--------+--------+-----+--------+
         Total |  10013 |   9692 |    321 |    298 |   7569 |  10 | 1001.3 |
       Dungeon |   9376 |   9055 |    321 |    298 |   7222 |   9 | 1041.8 |
         Sewer |    636 |    636 |      0 |      0 |    346 |   1 |  636.0 |
               +--------+--------+--------+--------+--------+-----+--------+

Top non-repeatable levels by time:
     D:6: 1720 daAuts
     D:5: 1382 daAuts
     D:8: 1098 daAuts
     D:1: 1052 daAuts
     D:7: 982 daAuts
     D:2: 926 daAuts
     D:4: 912 daAuts
     D:3: 733 daAuts
   Sewer: 636 daAuts
     D:9: 567 daAuts
